 Dungeon Crawl Stone Soup version 0.18.1-5-g4a78601 (webtiles) character file.

138 PossumBlood the Skirmisher (level 5, -4/46 HPs)
             Began as a Formicid Fighter on May 12, 2016.
             Slain by Grinder (6 damage)
             ... on level 3 of the Dungeon.
             The game lasted 00:03:31 (1428 turns).

PossumBlood the Skirmisher (Formicid Fighter)       Turns: 1428, Time: 00:03:32

Health: -4/46      AC:  6    Str: 22    XL:     5   Next: 45%
Magic:  5/5        EV: 14    Int: 12    God:
Gold:   79         SH:  9    Dex: 10    Spells: 0 memorised, 4 levels left

rFire  . . .     SeeInvis +     a - +0 war axe
rCold  . . .     Gourm    .     b - +0 scale mail
rNeg   . . .     Faith    .     c - +0 shield
rPois  .         Spirit   .     (helmet unavailable)
rElec  .         Dismiss  .     (no cloak)
rCorr  .         Reflect  .     (no gloves)
SustAt .         Harm     .     (no boots)
MR     .....                    (no amulet)
Stlth  ..........               (no ring)
                                m - +6 ring of evasion

@: brilliant, not resistant to hostile enchantments, extremely unstealthy
A: permanent stasis, dig shafts and tunnels, four strong arms, antennae 3
a: Dig, Shaft Self


You were on level 3 of the Dungeon.
You were not hungry.

You visited 1 branch of the dungeon, and saw 3 of its levels.

You collected 79 gold pieces.

Inventory:

Hand Weapons
 a - a +0 war axe (weapon)
Missiles
 l - 5 tomahawks (quivered)
Armour
 b - a +0 scale mail (worn)
 c - a +0 shield (worn)
Jewellery
 m - a +6 ring of evasion (left hand)
Wands
 e - a wand of slowing (14/48)
 g - a wand of random effects (20/48)
Scrolls
 i - 2 scrolls of immolation
 k - 2 scrolls of remove curse
 n - a scroll of identify
Comestibles
 f - a bread ration
 j - a fruit


   Skills:
 - Level 6.2 Fighting
 * Level 2.2 Axes
 - Level 3.2 Armour
 - Level 3.6 Shields


You had 4 spell levels left.
You didn't know any spells.

Dungeon Overview and Level Annotations

Branches:
Dungeon (3/15)

Altars:

Annotations:
D:3 Grinder


Innate Abilities, Weirdness & Mutations

You are under a permanent stasis effect.
You can dig through walls and to a lower floor.
Your four strong arms can wield two-handed weapons with a shield.
You have a pair of large antennae on your head (SInv).


Message History

Grinder barely misses you.
You hit Grinder.
Grinder is heavily wounded.
Grinder closely misses you.
Grinder blinks!
Grinder gestures at you.
Your stasis keeps you stable.
Grinder gestures at you.
Your stasis keeps you stable.
Grinder blinks!
There is a stone staircase leading up here.
Grinder hits you.
* * * LOW HITPOINT WARNING * * *
You writhe in agony.
* * * LOW HITPOINT WARNING * * *
You closely miss Grinder.
Grinder is heavily wounded.
Grinder hits you.
* * * LOW HITPOINT WARNING * * *
You writhe in agony.
You die...

#..###.# .%>. ...
#(.# #.# # #..#
#.# #. #..# #.#
####.#####..# #.##
............###..#
#...........<.#
#.######†###.@# ..
#.###.5#####. ##
#............
#............
.......#..#####
#.......#..#
#.......#..#
#.......#..#
#.......#..#


You could see Grinder.

Vanquished Creatures
  Jessica (D:2)
  Terence (D:2)
  Robin (D:2)
  3 adders
  2 dart slugs (D:2)
  A giant cockroach (D:1)
  8 goblins
  5 hobgoblins
  4 jackals (D:2)
  A quokka (D:2)
  4 bats
  3 giant newts
  7 kobolds
  4 rats
45 creatures vanquished.

Notes
Turn   | Place    | Note
--------------------------------------------------------------
     0 | D:1      | PossumBlood the Formicid Fighter began the quest for the Orb.
     0 | D:1      | Reached XP level 1. HP: 18/18 MP: 1/1
    71 | D:1      | Reached XP level 2. HP: 21/25 MP: 2/2
   289 | D:1      | Reached skill level 4 in Fighting
   447 | D:2      | Noticed Terence
   459 | D:2      | Reached XP level 3. HP: 19/31 MP: 3/3
   464 | D:2      | Killed Terence
   464 | D:2      | Reached skill level 5 in Fighting
   464 | D:2      | Reached XP level 4. HP: 17/39 MP: 4/4
   465 | D:2      | Noticed Jessica
   469 | D:2      | Killed Jessica
   731 | D:2      | Reached XP level 5. HP: 25/46 MP: 5/5
  1029 | D:2      | Noticed Robin
  1035 | D:2      | Killed Robin
  1035 | D:2      | Reached skill level 6 in Fighting
  1397 | D:3      | Noticed Grinder
  1428 | D:3      | HP: 2/46 [Grinder (4)]
  1428 | D:3      | Slain by Grinder

Skill      XL: |  1  2  3  4  5 |
---------------+----------------+-----
Fighting       | 4 5 6 |  6.2
Axes           | |  2.2
Armour         | |  3.2
Shields        | |  3.6

Action                   |  1- 3 |  4- 6 || total
-------------------------+-------+-------++-------
Melee: War axe           |    46 |    84 ||   130
  Use: Scroll            |     3 |     2 ||     5
       Potion            |     2 |     4 ||     6
  Eat: Meat ration       |       |     1 ||     1
Armor: Scale mail        |    16 |    27 ||    43
Dodge: Dodged            |    15 |    13 ||    28
Block: Shield            |    20 |    42 ||    62
